 Dungeon Crawl Stone Soup version 0.29-a0-892-g2c4c91d9db (webtiles) character file.

Game seed: 6714449162027629838

463 Aurophilus the Gusty (level 7, -4/36 HPs)
             Began as a Tengu Air Elementalist on July 22, 2022.
             Was an Initiate of Vehumet.
             Slain by Duvessa
             ... wielding a +0 rapier
              (10 damage)
             ... on level 4 of the Dungeon.
             The game lasted 00:21:45 (4717 turns).

Aurophilus the Gusty (Tengu Air Elementalist)       Turns: 4717, Time: 00:21:46

Health: -4/36      AC:  3    Str:  6    XL:     7   Next: 7%
Magic:  2/14       EV: 15    Int: 17    God:    Vehumet [......]
Gold:   1554       SH:  0    Dex: 15    Spells: 5/15 levels left

rFire   . . .      SeeInvis .   (no weapon)
rCold   . . .      Faith    .   (no shield)
rNeg    . . .      Spirit   .   a - +0 robe
rPois   .          Reflect  .   (helmet restricted)
rElec   .          Harm     .   (no cloak)
rCorr   .          Rampage  .   o - +0 pair of gloves
Will    .....                   (boots unavailable)
Stlth   +.........              q - amulet of regeneration
HPRegen 0.92/turn               h - ring of wizardry
MPRegen 0.14/turn               (no ring)

@: lit by a corona, swift, flying quickly and evasively, glowing, very quick
A: beak, talons 3, nimble flight, horns 1, weak 1
a: Renounce Religion


You were on level 4 of the Dungeon.
You worshipped Vehumet.
Vehumet was noncommittal.
You visited 1 branch of the dungeon, and saw 4 of its levels.

You collected 1554 gold pieces.

Inventory:

Armour
 a - a +0 robe (worn)
 o - a +0 pair of gloves (worn)
Jewellery
 h - a ring of wizardry (left hand)
 q - an amulet of regeneration (around neck)
Scrolls
 c - 2 scrolls of amnesia
Potions
 b - a potion of magic
 d - a potion of flight {unknown}
 e - a potion of brilliance
 f - 2 potions of curing
 n - a potion of attraction


   Skills:
 + Level 2.5 Dodging
 + Level 2.4 Stealth
 * Level 4.6 Spellcasting
 + Level 4.5 Conjurations
 + Level 6.3 Air Magic


You had 5 spell levels left.
You knew the following spells:

 Your Spells              Type           Power      Damage    Failure   Level
a - Shock                 Conj/Air       88%        1d8       1%          1
b - Static Discharge      Conj/Air       22%        3-6/arc   1%          2
c - Swiftness             Air            25%        N/A       1%          3
d - Airstrike             Air            12%        0-5+      4%          4

Your spell library contained the following spells:

 Spells                   Type           Power      Damage    Failure   Level
 Poisonous Vapours        Pois/Air       28%        N/A       2%          2
 Ensorcelled Hibernation  Hex/Ice        6%         N/A       9%          2
 Ozocubu's Armour         Ice            3%         N/A       17%         3
 Spider Form              Tmut/Pois      3%         N/A       17%         3
 Corpse Rot               Necr/Pois/Air  11%        N/A       24%         4
 Anguish                  Hex/Necr       1%         N/A       50%         4
 Ozocubu's Refrigeration  Ice            1%         4d5       100%        7


Dungeon Overview and Level Annotations

Branches:
Dungeon (4/15)
 Temple: D:4-7

Altars:
Elyvilon
Gozag
Uskayaw
Vehumet
The Shining One

Shops:
D:2 *

Annotations:
D:4 Duvessa


Innate Abilities, Weirdness & Mutations

You have a beak for a mouth.
You have claws for feet.
Your magical nature lets you fly swiftly and evasively.
You have a pair of small horns on your head.
You are weak. (Str -2)


Message History

Duvessa is wielding a +0 rapier and carrying a wand of roots (10).
Casting: Static Discharge (safe; 1% risk of failure)
Confirm with . or Enter, or press ? or * to list all spells.
You feel quick.
Casting: Swiftness (safe; 1% risk of failure)
Confirm with . or Enter, or press ? or * to list all spells.
The spell is quite dangerous to miscast (4% risk of failure)!
Continue anyway?
Aiming: Airstrike (quite dangerous; 4% risk of failure)
Press: ? - help, Dir - move target, f - Dowan
Aim: Dowan, wielding a +0 dagger and wearing a +0 robe (empty space bonus: 7/8)
The air twists around and strikes Dowan!
Dowan is severely wounded.
Duvessa shouts!
Dowan hits you with a +0 dagger.
Casting: Airstrike (quite dangerous; 4% risk of failure)
Confirm with . or Enter, or press ? or * to list all spells.
Dowan is struck by an arc of lightning.
Dowan is almost dead.
You are struck by an arc of lightning.
The lightning grounds out.
Dowan gestures at you while chanting.
You are outlined in light.
Casting: Static Discharge (safe; 1% risk of failure)
Confirm with . or Enter, or press ? or * to list all spells.
Dowan is struck by an arc of lightning!
You kill Dowan!
Vehumet accepts your kill.
Duvessa weeps, and shakes her weapon.
Duvessa goes berserk!
You are struck by an arc of lightning.
You have reached level 7!
Casting: Static Discharge (safe; 1% risk of failure)
Confirm with . or Enter, or press ? or * to list all spells.
Aiming: Shock (safe; 1% risk of failure)
Press: ? - help, Shift-Dir - straight line, f - Duvessa
Aim: Duvessa, wielding a +0 rapier, wearing a +0 chain mail and carrying a wand of roots (10) (berserk, 84% to hit)
The zap misses Duvessa.
Duvessa attacks as you move away! Duvessa hits you with a +0 rapier!
Duvessa hits you with a +0 rapier!
* * * LOW HITPOINT WARNING * * *
Duvessa attacks as you move away! Duvessa hits you with a +0 rapier!
You die...

..... ..... ...... ......
#### ###########...... ...#
#.............# ...#
#....e#......## ...#
#...@.#......# ...+
#.....#..)...# ...#
#.....#......# #..#
##....#......#
#..#######+###....#......#
........#....#....#........
........#....#....+......#.#
........+....'.)..#......#.#
#..##..####'#######.


You could see Duvessa (berserk).

Vanquished Creatures
  A phantom (D:4)
  Dowan (D:4)
  A hound (D:4)
  An orc priest (D:3)
  Natasha (thrice) (D:2)
  4 gnolls
  7 adders
  2 dart slugs
  8 orcs
  8 bats
  7 endoplasms
  5 giant cockroaches
  13 goblins
  6 hobgoblins
  4 jackals (D:1)
  5 quokkas
  7 ball pythons
  2 frilled lizards
  3 kobolds
  10 rats
98 creatures vanquished.

Notes
Turn   | Place    | Note
-------+----------+-------------------------------------------
     0 | D:1      | Aurophilus the Tengu Air Elementalist began the quest for
                  | the Orb.
     0 | D:1      | Reached XP level 1. HP: 10/10 MP: 4/4
   218 | D:1      | Reached XP level 2. HP: 6/15 MP: 0/6
   385 | D:1      | Learned a level 2 spell: Static Discharge
   761 | D:1      | Reached XP level 3. HP: 19/19 MP: 1/7
   939 | D:1      | Found a faded altar of an unknown god.
  1099 | D:1      | Reached skill level 5 in Air Magic
  1873 | D:1      | Identified a scroll of acquirement
  1873 | D:1      | Acquired 1257 gold pieces
  1885 | D:1      | Learned a level 3 spell: Swiftness
  1986 | D:2      | Found Bikunlen's General Store.
  2015 | D:2      | Reached XP level 4. HP: 24/24 MP: 5/8
  2194 | D:2      | Noticed Natasha
  2198 | D:2      | Killed Natasha
  2665 | D:2      | Gained mutation: Your magical nature lets you fly swiftly
                  | and evasively. [Tengu growth]
  2665 | D:2      | Reached XP level 5. HP: 28/28 MP: 4/10
  3008 | D:2      | Noticed Natasha
  3040 | D:2      | Killed Natasha
  3095 | D:2      | Noticed Natasha
  3101 | D:2      | Killed Natasha
  3444 | D:2      | Learned a level 4 spell: Airstrike
  3469 | D:3      | Found a hide-covered altar of Uskayaw.
  3481 | D:3      | Reached skill level 6 in Air Magic
  3481 | D:3      | Reached XP level 6. HP: 28/32 MP: 1/12
  3858 | D:3      | Found an opulent altar of Gozag.
  4200 | D:3      | Found a white marble altar of Elyvilon.
  4200 | D:3      | Found a radiant altar of Vehumet.
  4260 | D:3      | Became a worshipper of Vehumet
  4301 | D:3      | Found a glowing golden altar of the Shining One.
  4374 | D:3      | Gained mutation: You have a pair of small horns on your
                  | head. [potion of mutation]
  4374 | D:3      | Gained mutation: You are weak. (Str -2) [potion of
                  | mutation]
  4703 | D:4      | Noticed Duvessa
  4703 | D:4      | Noticed Dowan
  4710 | D:4      | Killed Dowan
  4711 | D:4      | Reached XP level 7. HP: 27/36 MP: 2/14
  4717 | D:4      | Slain by Duvessa

Illustrated notes

Levels and vault maps discovered:
D:1:      wheals_arrival_linesprint, layout_basic,
          ebering_ecumenical_altar_petrified
D:2:      layout_rooms, serial_shops, shop, kennysheep_cross_bottleneck,
          grunt_ministairs_5, minmay_crystal_room, nicolae_figureground_pulse,
          uniq_natasha
D:3:      layout_rooms, mainiacjoe_overflow_brackets, tso_altar,
          nicolae_gozag_seed_capital, jmf_multi_god_temple
D:4:      layout_gridville, led_sif_pool, nicolae_ashenzari_skybound,
          nicolae_ru_sacrificial_ziggurat, gammafunk_ghost_arena,
          kennysheep_windowed_goal, uniq_sigmund, uniq_duvessa

Skill      XL: |  1  2  3  4  5  6 |
---------------+-------------------+-----
Conjurations   | 2 3 4 |  4.5
Air Magic      | 5 6 |  6.3
Spellcasting   | 3 4 |  4.6
Dodging        | |  2.5
Stealth        | |  2.4

Action                   |  1- 3 |  4- 6 |  7- 9 || total
-------------------------+-------+-------+-------++-------
 Cast: Shock             |    75 |   126 |     1 ||   202
       Static Discharge  |     3 |    11 |       ||    14
       Swiftness         |       |     1 |       ||     1
       Airstrike         |       |     1 |       ||     1
  Use: Scroll            |     5 |     5 |       ||    10
       Potion            |       |     4 |       ||     4
Armor: Robe              |     4 |     3 |       ||     7
Dodge: Dodged            |    23 |    15 |       ||    38

Table legend: (Time is in decaauts)
 A = Elapsed time spent in this place.
 B = Non-inter-level travel time spent in this place.
 C = Inter-level travel time spent in this place.
 D = Time resting spent in this place.
 E = Time spent auto-exploring this place.
 F = Levels seen in this place.
 G = Mean time per level.
                   A        B        C        D        E       F      G
               +--------+--------+--------+--------+--------+-----+--------+
         Total |   4637 |   4415 |    222 |    902 |   2866 |   4 | 1159.2 |
       Dungeon |   4637 |   4415 |    222 |    902 |   2866 |   4 | 1159.2 |
               +--------+--------+--------+--------+--------+-----+--------+

Top non-repeatable levels by time:
     D:1: 1902 daAuts
     D:2: 1635 daAuts
     D:3: 788 daAuts
     D:4: 311 daAuts
